 Dungeon Crawl Stone Soup version 0.24.0-13-gcf9b3192b9 (webtiles) character file.

Game seed: 17235066818830814191, levelgen mode: deterministic

93 Gumption the Shield-Bearer (level 4, -4/42 HPs)
             Began as a Deep Dwarf Fighter on Nov 6, 2019.
             Killed by divine providence
             ... invoked by an orc priest
              (9 damage)
             ... on level 3 of the Dungeon.
             The game lasted 00:15:27 (2140 turns).

Gumption the Shield-Bearer (Deep Dwarf Fighter)     Turns: 2140, Time: 00:15:28

Health: -4/42      AC:  9    Str: 21    XL:     4   Next: 36%
Magic:  4/4        EV:  5    Int:  8    God:
Gold:   40         SH:  9    Dex: 12    Spells: 3/3 levels left

rFire    . . .     SeeInvis .   a - +0 war axe
rCold    . . .     Gourm    .   c - +0 shield
rNeg     . . .     Faith    .   u - +0 chain mail (curse)
rPois    .         Spirit   .   (no helmet)
rElec    .         Reflect  .   (no cloak)
rCorr    .         Harm     .   (no gloves)
MR       .....                  (no boots)
Stlth    ..........             (no amulet)
HPRegen  0.00/turn              (no ring)
MPRegen  0.09/turn              (no ring)

@: non-regenerating
A: damage resistance, heal wounds, sense surroundings 1, no regeneration
a: Heal Wounds


You were on level 3 of the Dungeon.
You were not hungry.

You visited 1 branch of the dungeon, and saw 3 of its levels.

You collected 40 gold pieces.

Inventory:

Hand Weapons
 a - a +0 war axe (weapon)
 p - a cursed -3 hunting sling
Missiles
 b - 13 sling bullets
 e - 28 stones (quivered)
 g - 4 curare-tipped darts
Armour
 c - a +0 shield (worn)
 u - a cursed +0 chain mail (worn)
Jewellery
 i - an uncursed ring of magical power {unknown}
 m - an uncursed ring of stealth {unknown}
 n - an uncursed amulet of magic regeneration {unknown}
Wands
 v - a wand of random effects (14)
Scrolls
 h - a scroll of enchant weapon {unknown}
 j - a scroll of magic mapping {unknown}
 o - a scroll of remove curse {unknown}
 q - a scroll of fog {unknown}
 t - a scroll of random uselessness {unknown}
 w - a scroll of fear {unknown}
 x - a scroll of teleportation {unknown}
Potions
 d - a potion of magic {unknown}
 k - 2 potions of curing {unknown}
 l - a potion of cancellation
 r - a potion of flight {unknown}
Comestibles
 f - 6 rations
 s - 5 chunks of flesh


   Skills:
 + Level 3.1 Fighting
 * Level 3.3 Axes
 + Level 3.7 Armour
 * Level 4.3 Shields


You had 3 spell levels left.
You didn't know any spells.
Your spell library was empty.

Dungeon Overview and Level Annotations

Branches:
Dungeon (3/15)

Altars:
Okawaru
Uskayaw


Innate Abilities, Weirdness & Mutations

You are resistant to damage.
You can heal yourself by infusing magical energy.
You passively map a small area around you.
You do not regenerate.


Message History

Beogh smites you!
* * * LOW HITPOINT WARNING * * *
You hit the orc priest.
The orc priest is severely wounded.
You hit the orc. The orc hits you but does no damage.
The orc priest barely misses you. The orc hits you but does no damage.
Your shield and chain mail prevent you from hitting the orc priest.
The orc priest is severely wounded.
You hit the orc.
You kill the orc!
The orc priest calls down the wrath of Beogh upon you.
Pain shoots through your body!
* * * LOW HITPOINT WARNING * * *
The orc completely misses you.
You hit the orc priest.
The orc priest is almost dead.
The orc priest hits you with a +0 whip. You block the orc's attack.
The orc priest calls down the wrath of Beogh upon you.
Beogh smites you!
You die...

........#÷####..#######.#
...................# , ,
......#...####..#### ,
##.##.#...# #..# , *
#.##.#...####..# #,
#.#(........#*#### * ,
#...####..# ...# , _
#.#.####.†##o..#... ,
.......)).@oo..'...* ,
.........[##o..#.#.
#.#.#.##..# ...# *
#...*#..#*...#, * ,
....,.....,.o..., ,
##...##.##....... , , ,
#.. *#.# ........ * #.
#.# ....... , #.# #.#
*#.* ,... * ,


You could see an orc priest and 3 orcs.

Vanquished Creatures
  3 adders (D:2)
  An ooze (D:2)
  2 worms
  2 dart slugs
  3 leopard geckos
  An orc (D:3)
  2 giant cockroaches
  4 goblins
  4 hobgoblins
  9 kobolds
  2 ball pythons
  6 bats
  5 frilled lizards
  5 rats
49 creatures vanquished.

Notes
Turn   | Place    | Note
-------+----------+-------------------------------------------
     0 | D:1      | Gumption the Deep Dwarf Fighter began the quest for the
                  | Orb.
     0 | D:1      | Reached XP level 1. HP: 20/20 MP: 1/1
   283 | D:1      | Reached XP level 2. HP: 22/27 MP: 2/2
  1141 | D:2      | Reached XP level 3. HP: 26/33 MP: 3/3
  1181 | D:2      | Reached skill level 4 in Shields
  1710 | D:2      | Reached XP level 4. HP: 42/42 MP: 4/4
  1908 | D:3      | Found a hide-covered altar of Uskayaw.
  1908 | D:3      | Noticed a +0 hand axe
  1909 | D:3      | Noticed a +0 hand axe
  1978 | D:3      | Found an iron altar of Okawaru.
  2140 | D:3      | Killed from afar by an orc priest

Levels and vault maps discovered:
D:1:      erik_arrival_cave_to_civilisation [erik_arrival_cave_to_hall],
          layout_loops_ring, grunt_decor_arrowhead
D:2:      cheibrodos_old_hovel, layout_basic, nicolae_underground_beach
D:3:      layout_basic, lemuel_crystal_altar, dancing_weapons_uskayaw,
          first_ration, nicolae_ru_the_path_less_chosen

Skill      XL: |  1  2  3 |
---------------+----------+-----
Shields        | 4 |  4.3
Fighting       | 3 |  3.1
Axes           | 3 |  3.3
Armour         | |  3.7

Action                   |  1- 3 |  4- 6 || total
-------------------------+-------+-------++-------
Melee: War axe           |   158 |    46 ||   204
Throw: Stone             |    37 |       ||    37
 Abil: Heal Wounds       |     1 |       ||     1
  Use: Scroll            |     2 |       ||     2
  Eat: Chunk             |     3 |     1 ||     4
Armor: Scale mail        |    68 |       ||    68
       Chain mail        |    18 |    26 ||    44
Dodge: Dodged            |    45 |    13 ||    58
Block: Shield            |    89 |    21 ||   110
